 Dungeon Crawl Stone Soup version 0.27-a0-679-g77a6b55cf3 (webtiles) character file.

Game seed: 4874503876345717198

7 jasper the Chopper (level 1, -2/19 HPs)
             Began as a Minotaur Berserker on Mar 18, 2021.
             Was a Follower of Trog.
             Slain by a goblin
             ... wielding a +0 war axe
              (13 damage)
             ... on level 3 of the Dungeon.
             The game lasted 00:00:31 (392 turns).

jasper the Chopper (Minotaur Berserker)              Turns: 392, Time: 00:00:31

Health: -2/19      AC:  2    Str: 21    XL:     1   Next: 91%
Magic:  0/0        EV: 12    Int:  4    God:    Trog [*.....]
Gold:   9          SH:  0    Dex:  9    Spells: 0/0 levels left

rFire    . . .     SeeInvis .   a - +0 hand axe
rCold    . . .     Faith    .   (no shield)
rNeg     . . .     Spirit   .   b - +0 animal skin
rPois    .         Reflect  .   (helmet restricted)
rElec    .         Harm     .   (no cloak)
rCorr    .         Rampage  .   (no gloves)
Will     .....                  (no boots)
Stlth    +.........             (no amulet)
HPRegen  0.06/turn              (no ring)
MPRegen  0.07/turn              (no ring)

@: no status effects
A: horns 2, retaliatory headbutt
a: Renounce Religion, Berserk


You were on level 3 of the Dungeon.
You worshipped Trog.
Trog was aware of your devotion.
You visited 1 branch of the dungeon, and saw 3 of its levels.

You collected 9 gold pieces.

Inventory:

Hand Weapons
 a - a +0 hand axe (weapon)
 c - a +0 hunting sling
Missiles
 d - 21 stones
Armour
 b - a +0 animal skin (worn)
Scrolls
 e - a scroll of silence {unknown}


   Skills:
 - Level 3.6 Fighting
 + Level 4.3 Axes
 - Level 2.4 Armour
 - Level 2.1 Dodging


You couldn't memorise any spells.
You didn't know any spells.
Your spell library was empty.

Dungeon Overview and Level Annotations

Branches:
Dungeon (3/15)

Altars:


Innate Abilities, Weirdness & Mutations

You have a pair of horns on your head.
You reflexively headbutt those who attack you in melee.


Message History

Trog accepts your kill.
Things that are here:
a +0 hunting sling; 21 stones
c - a +0 hunting sling;
d - 21 stones You start resting.
You feel yourself speed up.
You start resting.
You recover from your berserk rage.
You start resting.
HP restored.
Health restored: 19 You start waiting.
Done waiting.
There is a stone staircase leading down here.
You climb downwards.
A rat comes into view.
Found a scroll labelled TYMUG GUMPISANWA.
There is a stone staircase leading up here.
The helpless rat fails to defend itself.
You slash the rat!
You kill the rat!
Trog accepts your kill.
No target in view!
Found a stone staircase leading up.
e - a scroll labelled TYMUG GUMPISANWA An adder comes into view.
The adder hisses angrily.
A kobold comes into view. It is quivering poisoned darts.
The kobold moves out of view.
A goblin comes into view. It is wielding a +0 war axe.
There is a stone staircase leading up here.
The adder misses you. You furiously retaliate!
You headbutt the adder.
You climb upwards.
There is a stone staircase leading down here.
You start waiting.
Done waiting.
You climb downwards.
The goblin hits you with a +0 war axe! The adder bites you.
The goblin hits you with a +0 war axe!
Ouch! That really hurt!
You die...

#.#...... #.#.....
########.#.... .. ..
............ ... ....
#g......#.# ....
.....#S@†....#.##..#
..................###
.....#...............
.........###.........
.....#.#####.........
.......###.....<.....
............S#.......
####.#.####..........
..#. #..........


You could see an adder and a goblin.

Vanquished Creatures
  A worm (D:2)
  2 goblins (D:2)
  2 rats
5 creatures vanquished.

Notes
Turn   | Place    | Note
-------+----------+-------------------------------------------
     0 | D:1      | jasper the Minotaur Berserker began the quest for the Orb.
     0 | D:1      | Reached XP level 1. HP: 19/19 MP: 0/0
    60 | D:2      | Reached skill level 4 in Axes
   392 | D:3      | Slain by a goblin

Illustrated notes

Levels and vault maps discovered:
D:1:      lightli_molten_gateway, layout_basic,
          nemelex_xobeh_ov_fountains_minmay
D:2:      layout_basic, xom_redecorated, uniq_sigmund
D:3:      layout_rooms, lemuel_coloured_pillars_altar,
          gammafunk_ghost_abyssal_escape

Skill      XL: |  1 |
---------------+----+-----
Axes           | 4 |  4.3
Fighting       | |  3.6
Armour         | |  2.4
Dodging        | |  2.1

Action                   || total
-------------------------++-------
Melee: Hand axe          ||    12
       Headbutt          ||     2
Invok: Berserk           ||     1
 Stab: Sleeping          ||     2
Armor: Animal skin       ||     1
Dodge: Dodged            ||     8

Table legend: (Time is in decaauts)
 A = Elapsed time spent in this place.
 B = Non-inter-level travel time spent in this place.
 C = Inter-level travel time spent in this place.
 D = Time resting spent in this place.
 E = Time spent auto-exploring this place.
 F = Levels seen in this place.
 G = Mean time per level.
                   A        B        C        D        E       F      G
               +--------+--------+--------+--------+--------+-----+--------+
         Total |    400 |    392 |      8 |    291 |     50 |   3 |  133.3 |
       Dungeon |    400 |    392 |      8 |    291 |     50 |   3 |  133.3 |
               +--------+--------+--------+--------+--------+-----+--------+

Top non-repeatable levels by time:
     D:2: 376 daAuts
     D:3: 21 daAuts
     D:1: 2 daAuts
